FBNC
CINCINNATI REDS @ ST. LOUIS CARDINALS
03/24/1946
 
TOP OF THE 1ST
Cincinnati Reds batting - Pitching for St. Louis Cardinals : LHP Jerry Reuss
Pitching: LHP Jerry Reuss
Batting: RHB Gary Matthews 0-0: Swinging Strike
0-1: Swinging Strike
0-2: Strikes out swinging
Batting: RHB Dave Concepcion 0-0: Called Strike
0-1: Called Strike
0-2: Ball
1-2: Strikes out swinging
Batting: RHB Johnny Bench 0-0: Ball
1-0: Swinging Strike
1-1: Swinging Strike
1-2: Ball
2-2: Foul Ball, location: 2F
2-2: Ground out 5-3 (Groundball, 56, EV 91.9 MPH)
Top of the 1st over - 0 runs, 0 hits, 0 errors, 0 left on base; Cincinnati 0 - St. Louis 0
BOTTOM OF THE 1ST
St. Louis Cardinals batting - Pitching for Cincinnati Reds : LHP Sam McDowell
Pitching: LHP Sam McDowell
Batting: RHB Sixto Lezcano 0-0: Ball
1-0: Called Strike
1-1: Ball
2-1: Ball
3-1: Base on Balls
Batting: LHB Jose Cruz 0-0: Fly out, F7 (Flyball, 7, EV 93.1 MPH)
Batting: RHB Joe Torre 0-0: Ball
1-0: Ball
2-0: Ball
3-0: Base on Balls
Sixto Lezcano to second
Batting: RHB Dick Allen 0-0: Ball
1-0: DOUBLE (Line Drive, 7LS, EV 107.5 MPH)
Sixto Lezcano scores
Joe Torre to third
Batting: LHB Pat Putnam 0-0: Called Strike
0-1: Foul Ball, location: 2F
0-2: Foul Ball, location: 2F
0-2: Ball
1-2: Ball
2-2: Foul Ball, location: 2F
2-2: Ball
3-2: Foul Ball, location: 2F
3-2: Strikes out swinging
Batting: RHB Dan Thomas 0-0: Ball
1-0: Ball
2-0: Swinging Strike
2-1: Foul Ball, location: 2F
2-2: Foul Ball, location: 2F
2-2: Strikes out looking
Bottom of the 1st over - 1 run, 1 hit, 0 errors, 2 left on base; Cincinnati 0 - St. Louis 1
TOP OF THE 2ND
Cincinnati Reds batting - Pitching for St. Louis Cardinals : LHP Jerry Reuss
Batting: RHB Nate Colbert 0-0: Ball
1-0: Ball
2-0: Called Strike
2-1: Fly out, F8 (Flyball, 8RD, EV 84.4 MPH)
Batting: RHB Bill Melton 0-0: Called Strike
0-1: Foul Ball, location: 2F
0-2: Ball
1-2: Foul Ball, location: 2F
1-2: Ball
2-2: Ball
3-2: SINGLE (Groundball, 56D, EV 96.3 MPH)
Batting: LHB Joseph Talley 0-0: Called Strike
0-1: SINGLE (Flyball, 7LM, EV 94.4 MPH)
Bill Melton to second
Batting: RHB Kevin Klettke 0-0: Hit by Pitch
Bill Melton to third
Joseph Talley to second
Batting: RHB Nick Deurloo 0-0: Fly out, F8 (Line Drive, 8RM, EV 93.1 MPH)
Runner from 3rd tags up, SCORES, no throw by CF
Batting: LHB Sam McDowell 0-0: Ball
1-0: Ball
2-0: Called Strike
2-1: Fly out, F8 (Line Drive, 8RM, EV 85.0 MPH)
Top of the 2nd over - 1 run, 2 hits, 0 errors, 2 left on base; Cincinnati 1 - St. Louis 1
BOTTOM OF THE 2ND
St. Louis Cardinals batting - Pitching for Cincinnati Reds : LHP Sam McDowell
Batting: RHB Bob Brenly 0-0: Called Strike
0-1: Ball
1-1: Called Strike
1-2: Strikes out swinging
Batting: SHB Billy E Smith 0-0: Called Strike
0-1: Ball
1-1: Called Strike
1-2: Strikes out swinging
Batting: LHB Jerry Reuss 0-0: Called Strike
0-1: Ball
1-1: Ball
2-1: Ground out 6-3 (Groundball, 6, EV 106.9 MPH)
Bottom of the 2nd over - 0 runs, 0 hits, 0 errors, 0 left on base; Cincinnati 1 - St. Louis 1
TOP OF THE 3RD
Cincinnati Reds batting - Pitching for St. Louis Cardinals : LHP Jerry Reuss
Batting: RHB Gary Matthews 0-0: Foul Ball, location: 2F
0-1: Ball
1-1: Ball
2-1: Ball
3-1: Called Strike
3-2: Ground out 6-3 (Groundball, 6, EV 81.3 MPH)
Batting: RHB Dave Concepcion 0-0: Ground out 6-3 (Groundball, 6, EV 88.1 MPH)
Batting: RHB Johnny Bench 0-0: Fly out, F7 (Flyball, 7, EV 91.3 MPH)
Top of the 3rd over - 0 runs, 0 hits, 0 errors, 0 left on base; Cincinnati 1 - St. Louis 1
BOTTOM OF THE 3RD
St. Louis Cardinals batting - Pitching for Cincinnati Reds : LHP Sam McDowell
Batting: RHB Sixto Lezcano 0-0: Ball
1-0: Foul Ball, location: 2F
1-1: SOLO HOME RUN (Flyball, 78XD, EV 106.9 MPH), Distance : 407 ft
Batting: LHB Jose Cruz 0-0: Called Strike
0-1: Ball
1-1: Foul Ball, location: 2F
1-2: Strikes out swinging
Batting: RHB Joe Torre 0-0: Called Strike
0-1: Ball
1-1: Foul Ball, location: 2F
1-2: Fly out, F7 (Line Drive, 78S, EV 113.1 MPH)
Batting: RHB Dick Allen 0-0: Ball
1-0: Called Strike
1-1: Ball
2-1: Fly out, F8 (Line Drive, 8LD, EV 98.8 MPH)
Bottom of the 3rd over - 1 run, 1 hit, 0 errors, 0 left on base; Cincinnati 1 - St. Louis 2
TOP OF THE 4TH
Cincinnati Reds batting - Pitching for St. Louis Cardinals : LHP Jerry Reuss
Batting: RHB Nate Colbert 0-0: Called Strike
0-1: Foul Ball, location: 2F
0-2: Ball
1-2: Strikes out looking
Batting: RHB Bill Melton 0-0: Called Strike
0-1: Fly out, F5 (Line Drive, 5, EV 70.6 MPH)
Batting: LHB Joseph Talley 0-0: Foul Ball, location: 2F
0-1: Ball
1-1: Foul Ball, location: 2F
1-2: Ground out U3 (Groundball, 3L, EV 87.5 MPH)
Top of the 4th over - 0 runs, 0 hits, 0 errors, 0 left on base; Cincinnati 1 - St. Louis 2
BOTTOM OF THE 4TH
St. Louis Cardinals batting - Pitching for Cincinnati Reds : LHP Sam McDowell
Batting: LHB Pat Putnam 0-0: Ball
1-0: Called Strike
1-1: Swinging Strike
1-2: Strikes out swinging
Batting: RHB Dan Thomas 0-0: Called Strike
0-1: Swinging Strike
0-2: Strikes out swinging
Batting: RHB Bob Brenly 0-0: Foul Ball, location: 2F
0-1: SINGLE (Line Drive, 34D, EV 101.3 MPH)
Batting: SHB Billy E Smith 0-0: Ball
Wild Pitch!
Bob Brenly to second
1-0: Intentional Walk
Batting: LHB Jerry Reuss 0-0: Ball
1-0: Ball
2-0: Foul Ball, location: 2F
2-1: Ground out U3 (Groundball, 3, EV 97.5 MPH)
Bottom of the 4th over - 0 runs, 1 hit, 0 errors, 2 left on base; Cincinnati 1 - St. Louis 2
TOP OF THE 5TH
Cincinnati Reds batting - Pitching for St. Louis Cardinals : LHP Jerry Reuss
Batting: RHB Kevin Klettke 0-0: Ball
1-0: Swinging Strike
1-1: Foul Ball, location: 2F
1-2: Ground out 1-3 (Groundball, P, EV 71.9 MPH)
Batting: RHB Nick Deurloo 0-0: Ball
1-0: Ground out 5-3 (Groundball, 56S, EV 68.8 MPH)
Batting: LHB Sam McDowell 0-0: Swinging Strike
0-1: Ball
1-1: Ball
2-1: Called Strike
2-2: Foul Ball, location: 2F
2-2: Foul Ball, location: 2F
2-2: Foul Ball, location: 2F
2-2: Ball
3-2: Base on Balls
Batting: RHB Gary Matthews 0-0: Foul Ball, location: 2F
0-1: DOUBLE (Line Drive, 7LS, EV 109.4 MPH)
Sam McDowell to third
Batting: RHB Dave Concepcion 0-0: Ball
1-0: Foul Ball, location: 2F
1-1: Fly out, F9 (Line Drive, 9, EV 96.9 MPH)
Top of the 5th over - 0 runs, 1 hit, 0 errors, 2 left on base; Cincinnati 1 - St. Louis 2
BOTTOM OF THE 5TH
St. Louis Cardinals batting - Pitching for Cincinnati Reds : LHP Sam McDowell
Batting: RHB Sixto Lezcano 0-0: Ball
1-0: Foul Ball, location: 2F
1-1: Ball
2-1: Swinging Strike
2-2: Ball
3-2: Base on Balls
Batting: LHB Jose Cruz 0-0: Called Strike
0-1: Swinging Strike
0-2: Ball
1-2: Foul Ball, location: 2F
Pickoff Throw to First - Error! E1
Sixto Lezcano to second
1-2: Ball
2-2: Ball
3-2: SINGLE (Groundball, 15S, EV 67.5 MPH) (infield hit)
Sixto Lezcano to third
Batting: RHB Joe Torre 0-0: Ball
1-0: Ball
2-0: Ball
3-0: Called Strike
3-1: Base on Balls
Jose Cruz to second
Batting: RHB Dick Allen 0-0: Ball
1-0: Swinging Strike
1-1: Ball
2-1: Ball
3-1: Grounds into double play, 6-2-3 (Groundball, 6, EV 84.4 MPH)
Jose Cruz to third
Joe Torre to second
Batting: LHB Pat Putnam 0-0: Ball
1-0: Ball
2-0: Called Strike
2-1: Swinging Strike
2-2: Foul Ball, location: 2F
2-2: Ball
3-2: Foul Ball, location: 2F
3-2: Base on Balls
Batting: RHB Dan Thomas 0-0: Ball
1-0: Called Strike
1-1: Ball
2-1: Foul Ball, location: 2F
2-2: Ball
3-2: SINGLE (Flyball, 7S, EV 83.8 MPH)
Jose Cruz scores
Joe Torre to third
Pat Putnam to second
Joe Torre scores
Pat Putnam to third
Batting: RHB Bob Brenly 0-0: Ball
1-0: Ball
2-0: Ground out 1-3 (Groundball, 15, EV 88.1 MPH)
Bottom of the 5th over - 2 runs, 2 hits, 1 error, 2 left on base; Cincinnati 1 - St. Louis 4
TOP OF THE 6TH
Cincinnati Reds batting - Pitching for St. Louis Cardinals : LHP Jerry Reuss
Batting: RHB Johnny Bench 0-0: Foul Ball, location: 2F
0-1: Foul Ball, location: 2F
0-2: Ball
1-2: Fly out, F3 (Popup, 3SF, EV 73.8 MPH)
Batting: RHB Nate Colbert 0-0: Ball
1-0: SINGLE (Line Drive, 7S, EV 105.0 MPH)
Batting: RHB Bill Melton 0-0: Ball
1-0: Ball
2-0: Called Strike
2-1: Ball
3-1: Called Strike
3-2: 2-RUN HOME RUN (Flyball, 78XD, EV 95.6 MPH), Distance : 440 ft
Batting: LHB Joseph Talley 0-0: Ball
1-0: Foul Ball, location: 2F
1-1: Ball
2-1: Foul Ball, location: 2F
2-2: Ball
3-2: Foul Ball, location: 2F
3-2: SINGLE (Groundball, 4D, EV 108.8 MPH)
Batting: RHB Kevin Klettke 0-0: Called Strike
0-1: Swinging Strike
0-2: Fly out, F3 (Popup, 23, EV 81.9 MPH)
Batting: RHB Nick Deurloo 0-0: Ball
1-0: Fielders Choice at 2nd, 6-4 (Groundball, 56, EV 76.9 MPH)
Top of the 6th over - 2 runs, 3 hits, 0 errors, 1 left on base; Cincinnati 3 - St. Louis 4
BOTTOM OF THE 6TH
St. Louis Cardinals batting - Pitching for Cincinnati Reds : LHP Sam McDowell
Batting: SHB Billy E Smith 0-0: Ball
1-0: Called Strike
1-1: Ball
2-1: Fly out, F8 (Line Drive, 8LD, EV 85.0 MPH)
Batting: LHB Jerry Reuss 0-0: Ball
1-0: Called Strike
1-1: Ball
2-1: Foul Ball, location: 2F
2-2: Strikes out swinging
Batting: RHB Sixto Lezcano 0-0: Ball
1-0: Called Strike
1-1: Ball
2-1: Fly out, F7 (Flyball, 7LS, EV 95.0 MPH)
Bottom of the 6th over - 0 runs, 0 hits, 0 errors, 0 left on base; Cincinnati 3 - St. Louis 4
TOP OF THE 7TH
Cincinnati Reds batting - Pitching for St. Louis Cardinals : LHP Jerry Reuss
Batting: LHB Sam McDowell 0-0: Called Strike
0-1: Ball
1-1: Ball
2-1: Foul Ball, location: 2F
2-2: Ball
3-2: Strikes out swinging
Batting: RHB Gary Matthews 0-0: Ball
1-0: Ball
2-0: Foul Ball, location: 2F
2-1: SINGLE (Line Drive, 89M, EV 88.1 MPH)
Batting: RHB Dave Concepcion 0-0: Ball
1-0: SINGLE (Flyball, 9LS, EV 92.5 MPH)
Gary Matthews to second
Runner from 2nd tries for 3rd, SAFE, throw by RF made to third
Batting: RHB Johnny Bench 0-0: Ball
1-0: Grounds into double play, 6-4-3 (Groundball, 6, EV 83.8 MPH)
Top of the 7th over - 0 runs, 2 hits, 0 errors, 1 left on base; Cincinnati 3 - St. Louis 4
BOTTOM OF THE 7TH
St. Louis Cardinals batting - Pitching for Cincinnati Reds : LHP Sam McDowell
Batting: LHB Jose Cruz 0-0: Ball
1-0: Ground out 6-3 (Groundball, 6M, EV 90.6 MPH)
Batting: RHB Joe Torre 0-0: Ball
1-0: Fly out, F9 (Flyball, 9LM, EV 86.3 MPH)
Batting: RHB Dick Allen 0-0: Called Strike
0-1: Ball
1-1: Foul Ball, location: 2F
1-2: Strikes out looking
Bottom of the 7th over - 0 runs, 0 hits, 0 errors, 0 left on base; Cincinnati 3 - St. Louis 4
TOP OF THE 8TH
Cincinnati Reds batting - Pitching for St. Louis Cardinals : LHP Jerry Reuss
Batting: RHB Nate Colbert 0-0: Ball
1-0: Ball
2-0: Ball
3-0: Called Strike
3-1: SINGLE (Line Drive, 89M, EV 106.3 MPH)
Batting: RHB Bill Melton 0-0: Foul Ball, location: 2F
0-1: Foul Ball, location: 2F
0-2: Grounds into double play, 5-4-3 (Groundball, 5, EV 85.0 MPH)
Batting: LHB Joseph Talley 0-0: Called Strike
0-1: Called Strike
0-2: Ball
1-2: Ball
2-2: Ball
3-2: Foul Ball, location: 2F
3-2: Fly out, F9 (Flyball, 9S, EV 88.8 MPH)
Top of the 8th over - 0 runs, 1 hit, 0 errors, 0 left on base; Cincinnati 3 - St. Louis 4
BOTTOM OF THE 8TH
St. Louis Cardinals batting - Pitching for Cincinnati Reds : LHP Sam McDowell
Batting: LHB Pat Putnam 0-0: Ground out 4-3 (Groundball, 4, EV 82.5 MPH)
Batting: RHB Dan Thomas 0-0: Ball
1-0: Ball
2-0: Ball
3-0: Called Strike
3-1: Base on Balls
Batting: RHB Bob Brenly 0-0: Ball
1-0: Grounds into double play, 6-4-3 (Groundball, 6, EV 106.9 MPH)
Bottom of the 8th over - 0 runs, 0 hits, 0 errors, 0 left on base; Cincinnati 3 - St. Louis 4
TOP OF THE 9TH
Cincinnati Reds batting - Pitching for St. Louis Cardinals : LHP Jerry Reuss
Now in LF: Pascual D'Annunzio
Batting: RHB Kevin Klettke 0-0: Ball
1-0: Ball
2-0: Ball
3-0: Called Strike
3-1: Foul Ball, location: 2F
3-2: Base on Balls
Pitching: LHP Al Hrabosky
Now at 2B: Ralph Garr
Batting: RHB Nick Deurloo 0-0: Ball
1-0: Ball
2-0: Fielders Choice at 2nd, 2-4 (Groundball, 15S, EV 65.6 MPH)
Pinch Hitting: RHB Paul Schaal 0-0: Ball
1-0: Ball
2-0: Called Strike
2-1: Foul Ball, location: 2F
2-2: Ball
3-2: SINGLE (Line Drive, 34, EV 100.0 MPH)
Nick Deurloo to second
Batting: RHB Gary Matthews 0-0: Ball
Wild Pitch!
Nick Deurloo to third
Paul Schaal to second
1-0: Intentional Walk
Batting: RHB Dave Concepcion 0-0: Ball
1-0: Ball
Wild Pitch!
Nick Deurloo scores
Paul Schaal to third
Gary Matthews to second
2-0: Ball
3-0: Ground out 4-3 (Groundball, 4, EV 84.4 MPH)
Batting: RHB Johnny Bench 0-0: Intentional Walk
Batting: RHB Nate Colbert 0-0: Called Strike
0-1: Swinging Strike
0-2: Ball
1-2: Strikes out swinging
Top of the 9th over - 1 run, 1 hit, 0 errors, 3 left on base; Cincinnati 4 - St. Louis 4
BOTTOM OF THE 9TH
St. Louis Cardinals batting - Pitching for Cincinnati Reds : LHP Sam McDowell
Pitching: RHP Jay Dillard
Pinch Hitting: LHB Mark Hildebrand 0-0: Called Strike
0-1: Foul Ball, location: 2F
0-2: Ball
1-2: Strikes out swinging
Batting: LHB Ralph Garr 0-0: Called Strike
0-1: Ball
1-1: Ball
2-1: Fly out, F6 (Popup, 6D, EV 55.6 MPH)
Batting: RHB Sixto Lezcano 0-0: Hit by Pitch
Batting: LHB Jose Cruz 0-0: Ball
1-0: Called Strike
1-1: Fly out, F8 (Flyball, 8LM, EV 93.8 MPH)
Bottom of the 9th over - 0 runs, 0 hits, 0 errors, 1 left on base; Cincinnati 4 - St. Louis 4
TOP OF THE 10TH
Cincinnati Reds batting - Pitching for St. Louis Cardinals : LHP Al Hrabosky
Now at SS: Casey Sampson
Batting: RHB Bill Melton 0-0: Ball
1-0: Ball
2-0: Called Strike
2-1: Ground out 6-3 (Groundball, 6, EV 87.5 MPH)
Batting: LHB Joseph Talley 0-0: Foul Ball, location: 2F
0-1: Foul Ball, location: 2F
0-2: Ground out 6-3 (Groundball, 6, EV 105.6 MPH)
Batting: RHB Kevin Klettke 0-0: Called Strike
0-1: Swinging Strike
0-2: Ball
1-2: Strikes out looking
Top of the 10th over - 0 runs, 0 hits, 0 errors, 0 left on base; Cincinnati 4 - St. Louis 4
BOTTOM OF THE 10TH
St. Louis Cardinals batting - Pitching for Cincinnati Reds : RHP Jay Dillard
Batting: RHB Joe Torre 0-0: Ground out 1-3 (Groundball, 13S, EV 60.6 MPH)
Batting: RHB Pascual D'Annunzio 0-0: Foul Ball, location: 2F
0-1: Foul Ball, location: 2F
0-2: Reached on error, E6 (Groundball, 6, EV 78.8 MPH)
Batting: LHB Pat Putnam 0-0: Ball
1-0: Grounds into double play, 4-6-3 (Groundball, 34, EV 98.1 MPH)
Bottom of the 10th over - 0 runs, 0 hits, 1 error, 0 left on base; Cincinnati 4 - St. Louis 4
TOP OF THE 11TH
Cincinnati Reds batting - Pitching for St. Louis Cardinals : LHP Al Hrabosky
Batting: RHB Nick Deurloo 0-0: Ball
1-0: Called Strike
1-1: Called Strike
1-2: Foul Ball, location: 2F
1-2: Fly out, F7 (Flyball, 7, EV 86.3 MPH)
Pinch Hitting: RHB Joe Foy 0-0: Swinging Strike
0-1: Foul Ball, location: 2F
0-2: Ball
1-2: Ball
2-2: Foul Ball, location: 2F
2-2: Strikes out swinging
Batting: RHB Gary Matthews 0-0: Foul Ball, location: 2F
0-1: Fly out, F7 (Flyball, 7D, EV 99.4 MPH)
Top of the 11th over - 0 runs, 0 hits, 0 errors, 0 left on base; Cincinnati 4 - St. Louis 4
BOTTOM OF THE 11TH
St. Louis Cardinals batting - Pitching for Cincinnati Reds : RHP Jay Dillard
Pitching: RHP Santo Alcala
Pinch Hitting: LHB Jim Gantner 0-0: Ball
1-0: Called Strike
1-1: Foul Ball, location: 2F
1-2: SINGLE (Groundball, 6D, EV 98.8 MPH)
Batting: RHB Bob Brenly 0-0: Ball
1-0: Ball
2-0: Ball
3-0: Called Strike
3-1: Called Strike
3-2: Strikes out swinging
Batting: RHB Casey Sampson 0-0: Called Strike
0-1: Ball
1-1: Grounds into double play, 4-6-3 (Groundball, 4S, EV 81.9 MPH)
Bottom of the 11th over - 0 runs, 1 hit, 0 errors, 0 left on base; Cincinnati 4 - St. Louis 4
TOP OF THE 12TH
Cincinnati Reds batting - Pitching for St. Louis Cardinals : LHP Al Hrabosky
Pitching: RHP Larry Andersen
Pinch Hitting: LHB Chad Daley 0-0: Called Strike
0-1: Ball
1-1: Called Strike
1-2: Ball
2-2: Strikes out swinging
Batting: RHB Johnny Bench 0-0: DOUBLE (Line Drive, 89M, EV 109.4 MPH)
Batting: RHB Nate Colbert 0-0: Ball
1-0: Swinging Strike
1-1: Ball
2-1: Foul Ball, location: 2F
2-2: Strikes out looking
Batting: RHB Bill Melton 0-0: Fly out, F8 (Flyball, 8LD, EV 100.6 MPH)
Top of the 12th over - 0 runs, 1 hit, 0 errors, 1 left on base; Cincinnati 4 - St. Louis 4
BOTTOM OF THE 12TH
St. Louis Cardinals batting - Pitching for Cincinnati Reds : RHP Santo Alcala
Now at SS: Freddie Patek
Batting: LHB Ralph Garr 0-0: Foul Ball, location: 2F
0-1: Foul Ball, location: 2F
0-2: Ball
1-2: Strikes out looking
Batting: RHB Sixto Lezcano 0-0: Ball
1-0: Ball
2-0: Called Strike
2-1: Ball
3-1: Fly out, F8 (Flyball, 8RXD, EV 105.6 MPH)
Batting: LHB Jose Cruz 0-0: Called Strike
0-1: Foul Ball, location: 2F
0-2: SOLO HOME RUN (Flyball, 9D, EV 108.8 MPH), Distance : 394 ft
Tuesday, April 23rd, 2019 - OOTP Baseball 20.2 Build 33